 Dungeon Crawl Stone Soup version bcrawl-1.19.2-6-g6a88ae04c9 (webtiles) character file.

Game seed: 1695657862420920541

283 Mrkan the Skirmisher (level 6, -6/56 HPs)
             Began as a Hill Orc Fighter on Jan 7, 2020.
             Mangled by an ogre
             ... wielding a +0 giant club
              (26 damage)
             ... on level 4 of the Dungeon.
             The game lasted 00:03:15 (3446 turns).

Mrkan the Skirmisher (Hill Orc Fighter)             Turns: 3446, Time: 00:03:16

Health: -6/56      AC:  7    Str: 20    XL:     6   Next: 28%
Magic:  6/6        EV:  7    Int:  8    God:
Gold:   169        SH:  9    Dex: 11    Spells: 5/5 levels left

rFire    . . .     SeeInvis .   a - +0 war axe
rCold    . . .     Gourm    .   c - +0 shield
rNeg     . . .     Faith    .   b - +0 scale mail
rPois    .         Spirit   .   (no helmet)
rElec    .         Reflect  .   (no cloak)
rCorr    .         Harm     .   (no gloves)
MR       .....                  (no boots)
Stlth    ..........             (no amulet)
HPRegen  0.18/turn              (no ring)
MPRegen  0.10/turn              (no ring)

@: no status effects
A: no striking features
a: no special abilities


You were on level 4 of the Dungeon.
You were not hungry.

You visited 1 branch of the dungeon, and saw 4 of its levels.

You collected 169 gold pieces.

Inventory:

Hand Weapons
 a - a +0 war axe (weapon)
Armour
 b - a +0 scale mail (worn)
 c - a +0 shield (worn)
Jewellery
 h - an uncursed amulet of faith {unknown}
Scrolls
 e - 7 scrolls of identify {unknown}
 k - 5 scrolls of teleportation {unknown}
 m - 3 scrolls of enchant weapon {unknown}
 n - a scroll of noise {unknown}
Potions
 g - 3 potions of agility {unknown}
 i - a potion of cancellation {unknown}
 j - 2 potions of mutation {unknown}
 l - a potion of heal wounds {unknown}
Comestibles
 f - 4 rations {!d}


   Skills:
 * Level 5.5 Fighting
   Level 5.5 Short Blades
   Level 5.5 Long Blades
   Level 5.5 Axes
   Level 5.5 Maces & Flails
   Level 5.5 Polearms
   Level 5.5 Staves
 + Level 4.6 Armour
 + Level 4.7 Shields
   Level 5.5 Unarmed Combat


You had 5 spell levels left.
You didn't know any spells.
Your spell library was empty.

Dungeon Overview and Level Annotations

Branches:
Dungeon (4/12)
 Temple: D:4-7

Altars:
Trog

Shops:
D:4 (


Message History

There is an entrance to an ossuary on this level.
Hurry and find it before the portal is buried!
An ogre and a crimson imp come into view.
The crimson imp shouts!
The ogre shouts!
Found 2 scrolls labeled ZAIRURYSCH EHYA and a tourmaline ring.
Found Valu's Antique Weapon Emporium.
There is a stone staircase leading up here.
There are monsters nearby!
The crimson imp blinks!
You hit the ogre.
The ogre is lightly wounded.
The ogre hits you with a +0 giant club!!
The ogre hits you with a +0 giant club!
You hit the ogre.
The ogre is lightly wounded.
A frilled lizard comes into view.
The frilled lizard hisses angrily.
You slice the ogre!!
The ogre is almost dead.
The ogre hits you with a +0 giant club!!
You die...

..... =. #.#..
..# .#.. ..###
#..##.∩....
#####...#......
#..............
#.....5<..8....
...###.........
#@........
#......O###.....
....##.## ...l.
.. #. 5... .?
... ... ..# ...
.#.#


You could see an ogre, a crimson imp and a frilled lizard.

Vanquished Creatures
  A phantom (D:3)
  A scorpion (D:3)
  2 worker ants
  2 adders (D:3)
  A shadow imp (D:3)
  An ooze (D:3)
  4 worms
  3 leopard geckos (D:1)
  An orc (D:3)
  2 ball pythons
  5 bats
  A giant cockroach (D:2)
  4 goblins
  5 hobgoblins
  12 jackals
  7 kobolds
  2 quokkas (D:3)
  4 frilled lizards
  3 rats
61 creatures vanquished.

Notes
Turn   | Place    | Note
-------+----------+-------------------------------------------
     0 | D:1      | Mrkan the Hill Orc Fighter began the quest for the Orb.
     0 | D:1      | Reached XP level 1. HP: 20/20 MP: 1/1
   295 | D:1      | Reached XP level 2. HP: 21/27 MP: 2/2
   838 | D:1      | Reached XP level 3. HP: 34/34 MP: 3/3
  1351 | D:2      | Reached XP level 4. HP: 41/41 MP: 4/4
  2143 | D:3      | Reached skill level 5 in Fighting
  2143 | D:3      | Reached XP level 5. HP: 48/48 MP: 5/5
  2460 | D:3      | Noticed a phantom
  2494 | D:3      | Killed a phantom
  2494 | D:3      | Reached XP level 6. HP: 26/56 MP: 6/6
  2727 | D:3      | Noticed a moth of wrath
  2730 | D:3      | Found a bloodstained altar of Trog.
  3439 | D:4      | Found Valu's Antique Weapon Emporium.
  3446 | D:4      | Mangled by an ogre

Skill      XL: |  1  2  3  4 |
---------------+-------------+-----
Shields        | 4 |  4.7
Armour         | 4 |  4.6
Fighting       | 5 |  5.5
Short Blades   | |  5.5
Long Blades    | |  5.5
Axes           | |  5.5
Maces & Flails | |  5.5
Polearms       | |  5.5
Staves         | |  5.5
Unarmed Combat | |  5.5

Action                   |  1- 3 |  4- 6 || total
-------------------------+-------+-------++-------
Melee: War axe           |    72 |   106 ||   178
  Use: Potion            |       |     1 ||     1
  Eat: Chunk             |     1 |     5 ||     6
       Ration            |       |     1 ||     1
Armor: Scale mail        |    46 |    50 ||    96
Dodge: Dodged            |    26 |    47 ||    73
Block: Shield            |    48 |    61 ||   109
